Cogmind - Beta 12 @@@ ROGUE MODE // 2023.04.18 @ 21:02:24 Player: Shadow Pussy wanter Result: Destroyed by S-43 Plague with Heavy Machine Gun Performance ------------- Evolutions (6) 3000 Regions Visited (26) 5200 Robots Destroyed (206) 1030 Value Destroyed (9773) 9773 Prototype IDs (52) 1040 Alien Tech Used (3) 600 Bonus (6353) 6353 TOTAL SCORE: 26996 Bonus ------- High Alert Combat Kills 210 Follower Combat Kills 294 Aligned with FarCom 300 Met Data Miner 300 Met Imprinter 300 Destroyed Z-Imprinter 1000 Triggered Deep Caves Wall 500 Exposed GOLEM Chamber 500 Met Zhirov 300 Met Warlord at Base 500 MAIN.C Attacked Warlord 500 Warlord Defense Kills 2172 Friendly Fire -523 Cogmind --------- Core Integrity 0/1150 Matter 292/300 Energy 99/100 System Corruption 0% Temperature Cool (0) Movement Core (50) Location -3/Proximity Caves Parts ------- > --- POWER (2) -------- (None) > --- PROPULSION (2) --- Assembled Alloy Leg > --- UTILITY (12) ----- GOLEM Unit > --- WEAPON (3) ------- (None) > --- INVENTORY (5) ---- Improved Deuterium Engine GOLEM Unit Peak State ------------ > --- POWER ------------ Assembled Flux Generator > --- PROPULSION ------- Assembled Alloy Leg Assembled Alloy Leg > --- UTILITY ---------- Assembled Nanovents Assembled Nanovents Huge Storage Unit Advanced Energy Well Assembled Biocell Array Assembled Biocell Array Assembled Suspension Frame Assembled Combat Suite Assembled Alloy Armor Assembled Alloy Armor GOLEM Unit > --- WEAPON ----------- Assembled Focal Cannon Assembled Focal Cannon Assembled Focal Cannon > --- INVENTORY -------- Light Antimatter Reactor Light Antimatter Reactor Light Antimatter Reactor Vortex Chain Reactor Enhanced Biometal Leg Huge Storage Unit Enhanced Optical Array Improved Signal Interpreter Advanced Terrain Scanner Experimental Core Shielding Improved Medium Armor Plating Improved Medium Armor Plating Layered Light Armor Plating Improved Powered Armor Improved Remote Shield Advanced Remote Shield Hacking Suite GOLEM Unit GOLEM Unit GOLEM Unit Transdimensional Reconstructor [Rating: 175] Favorites ----------- Power Assembled Flux Generator Engine Improved Deuterium Engine Power Core Light Nuclear Core Reactor Assembled Flux Generator Propulsion Assembled Alloy Leg Treads Light Treads Leg Assembled Alloy Leg Utility Assembled Nanovents Device Assembled Nanovents Storage Large Storage Unit Processor Improved Signal Interpreter Hackware Advanced Hacking Suite Protection Medium Reactive Plating Weapon Assembled Focal Cannon Energy Gun Improved Spread Laser Energy Cannon Assembled Focal Cannon Ballistic Gun Assault Rifle Launcher Heavy Missile Launcher Special Weapon Plasma Cutter Impact Weapon Makeshift Hammer Build | -11 -10 -10 -10 -9 -8 -7 -7 -7 -7 -6 -6 -6 -6 -6 -6 -5 -5 -5 -5 -5 -4 -4 -4 -4 -4 -3 ------- Run | Jun Mat Min Exi Min Mat Fac Low Low Dat Pro Fac Low Low Zio Dee Pro Fac Upp Upp Zhi Pro Fac Upp Upp War Pro Slots Evolved 12 | . . . . . 4 2 . . . . 2 . . . . . 2 . . . . 2 . . . . Power 1 | . . . . . . . . . . . . . . . . . 1 . . . . . . . . . Propulsion . | . . . . . . . . . . . . . . . . . . . . . . . . . . . Utility 10 | . . . . . 3 2 . . . . 2 . . . . . 1 . . . . 2 . . . . Weapon 1 | . . . . . 1 . . . . . . . . . . . . . . . . . . . . . Parts Attached 146 | 6 2 . 3 . 14 22 7 4 . 6 11 5 3 3 26 3 7 1 2 5 . 7 . 1 7 1 Power 9 | 1 1 . . . 1 1 . 1 . . . . . . 1 1 . . . . . . . . 2 . Engine 3 | 1 . . . . 1 . . 1 . . . . . . . . . . . . . . . . . . Core 2 | . 1 . . . . 1 . . . . . . . . . . . . . . . . . . . . Reactor 4 | . . . . . . . . . . . . . . . 1 1 . . . . . . . . 2 . Propulsion 15 | 2 . . . . 3 3 1 . . . 2 . . . 4 . . . . . . . . . . . Treads 12 | 2 . . . . 3 3 1 . . . 2 . . . 1 . . . . . . . . . . . Leg 3 | . . . . . . . . . . . . . . . 3 . . . . . . . . . . . Wheel . | . . . . . . . . . . . . . . . . . . . . . . . . . . . Hover . | . . . . . . . . . . . . . . . . . . . . . . . . . . . Flight . | . . . . . . . . . . . . . . . . . . . . . . . . . . . Utility 75 | 1 1 . 3 . 9 9 3 2 . 1 3 3 1 . 11 1 6 1 2 5 . 7 . 1 4 1 Device 35 | . 1 . 3 . 5 4 1 1 . 1 3 1 . . 5 . 1 1 1 2 . 2 . . 2 1 Storage 12 | 1 . . . . . 1 . . . . . . . . 2 . 1 . 1 2 . 2 . 1 1 . Processor 4 | . . . . . . 1 1 . . . . . . . . . 2 . . . . . . . . . Hackware 5 | . . . . . 1 . . . . . . . . . . . 1 . . . . 3 . . . . Protection 19 | . . . . . 3 3 1 1 . . . 2 1 . 4 1 1 . . 1 . . . . 1 . Artifact . | . . . . . . . . . . . . . . . . . . . . . . . . . . . Weapon 47 | 2 . . . . 1 9 3 1 . 5 6 2 2 3 10 1 1 . . . . . . . 1 . Energy Gun 11 | . . . . . . . . . . 1 3 . . . 6 1 . . . . . . . . . . Energy Cannon 6 | . . . . . . . 1 1 . 1 1 . 1 1 . . . . . . . . . . . . Ballistic Gun 18 | 2 . . . . 1 8 1 . . 2 2 2 . . . . . . . . . . . . . . Ballistic Cannon . | . . . . . . . . . . . . . . . . . . . . . . . . . . . Launcher 9 | . . . . . . 1 1 . . 1 . . 1 1 3 . 1 . . . . . . . . . Special Weapon 1 | . . . . . . . . . . . . . . . . . . . . . . . . . 1 . Impact Weapon 2 | . . . . . . . . . . . . . . 1 1 . . . . . . . . . . . Slashing Weapon . | . . . . . . . . . . . . . . . . . . . . . . . . . . . Piercing Weapon . | . . . . . . . . . . . . . . . . . . . . . . . . . . . Special Melee Weapon . | . . . . . . . . . . . . . . . . . . . . . . . . . . . Unidentified Prototypes 19 | . . . 2 . . . . . . . 2 . . . 7 . 1 1 . 4 . . . . 2 . Parts Lost 46 | . . . . . 2 1 1 3 . . 2 1 1 . 6 7 4 . 2 . 6 2 . . 8 . Power 3 | . . . . . . 1 . 1 . . . . . . . 1 . . . . . . . . . . Propulsion 2 | . . . . . 1 . . . . . . . . . . 1 . . . . . . . . . . Utility 32 | . . . . . 1 . 1 2 . . . 1 1 . 6 4 2 . 2 . 6 1 . . 5 . Weapon 9 | . . . . . . . . . . . 2 . . . . 1 2 . . . . 1 . . 3 . Highest Loss Streak 7 | . . . . . 1 1 1 2 . . 1 1 1 . 3 7 1 . 2 . 3 2 . . 2 . To Critical Strikes . | . . . . . . . . . . . . . . . . . . . . . . . . . . . Average Slot Usage (%) 92 | . 99 100 100 100 94 99 99 98 76 99 94 92 92 93 91 90 87 87 87 67 88 88 89 89 85 10 Engine 2 | . 9 . . . 2 5 . 3 7 7 6 6 6 6 . . . . . . . . . . . . Core 1 | . 5 14 14 14 6 1 7 3 . . . . . . . . . . . . . . . . . . Reactor 2 | . . . . . . . . . . . . . . . 5 6 4 5 5 5 5 5 5 5 5 . Treads 8 | . 28 28 28 28 17 14 15 15 15 15 13 13 13 13 4 . . . . . . . . . . . Leg 5 | . . . . . . . . . . . . . . . 8 12 11 11 11 11 11 9 10 10 9 5 Device 23 | . 13 14 14 14 17 26 23 22 23 22 33 28 20 20 15 26 22 19 25 26 35 18 31 26 26 5 Storage 11 | . 14 14 14 14 9 7 7 7 7 7 6 6 6 6 11 13 11 16 17 14 11 19 15 20 20 . Processor 3 | . . . . . . 2 7 7 7 7 6 6 6 6 6 3 7 5 5 2 . . . . . . Hackware 1 | . . . . . 6 1 . . . . . . . . . . . 2 . . . 8 . . . . Protection 10 | . . . . . 7 14 13 14 15 15 8 10 19 20 17 6 8 5 2 1 5 9 10 10 8 . Energy Gun 1 | . . . . . . . . . . 1 9 6 6 . 7 . . . . . . . . . . . Energy Cannon 7 | . . . . . . . 3 1 . 6 . . . 6 2 18 15 17 17 3 17 15 15 15 13 . Ballistic Gun 8 | . 28 28 28 28 26 22 18 15 . 10 9 12 12 5 . . . . . . . . . . . . Naked Turns 23 | . . . . . . . . . . . . . . . . . . . . . . . . . 23 . Heaviest Build 202 | 14 16 16 22 22 29 59 72 90 90 93 96 110 113 115 115 100 125 125 120 117 117 202 183 185 186 1 Greatest Support 80 | 40 40 40 40 40 40 48 48 48 48 48 60 60 60 60 60 80 80 60 60 80 80 80 80 80 80 3 Greatest Overweight (x) 30 | . . . . . 1 2 1 1 1 1 1 1 1 1 30 2 2 2 1 2 1 3 2 2 3 . Average Overweight (x) 1 | . . . . . . . . 1 1 1 1 1 1 1 1 1 1 1 1 1 1 2 2 2 1 . Largest Inventory Capacity 25 | 8 8 8 8 8 8 15 15 15 15 15 15 15 15 15 15 15 15 15 15 15 15 25 25 25 25 5 Average Capacity 15 | 7 8 8 8 8 8 14 15 15 15 15 15 15 15 15 15 15 15 15 15 15 15 24 25 25 24 5 Most Carried 25 | 6 8 8 8 8 8 15 15 15 15 15 15 15 15 15 15 15 15 15 15 15 15 20 20 21 25 3 Average Carried 14 | 2 7 8 8 8 7 13 14 13 14 13 14 14 14 14 14 14 14 15 14 14 14 16 20 20 23 2 Final Capacity 25 | 8 8 8 8 8 8 15 15 15 15 15 15 15 15 15 15 15 15 15 15 15 15 25 25 25 5 5 Final Carried 21 | 6 8 8 8 8 8 15 15 12 15 15 15 14 14 14 15 15 15 15 14 15 15 20 20 21 4 3 Class Distribution -------------------- 40% | Golem 21% | Mutant 17% | Tank 13% | Scavenger-Tank 3% | Hacker-Golem Dominant Class ---------------- Mutant | -10/Materials Mutant | -10/Mines Mutant | -10/Exiles Mutant | -9/Mines Scavenger-Skirmisher | -8/Materials Scavenger-Tank | -7/Factory Mutant | -7/Lower Caves Mutant | -7/Lower Caves Mutant | -7/Data Miner Tank | -6/Proximity Caves Tank | -6/Factory Tank | -6/Lower Caves Tank | -6/Lower Caves Mutant | -6/Zion Tank | -6/Deep Caves Golem | -5/Proximity Caves Golem | -5/Factory Golem | -5/Upper Caves Golem | -5/Upper Caves Golem | -5/Zhirov Golem | -4/Proximity Caves Hacker-Golem | -4/Factory Golem | -4/Upper Caves Golem | -4/Upper Caves Golem | -4/Warlord Mutant | -3/Proximity Caves Resources | -11 -10 -10 -10 -9 -8 -7 -7 -7 -7 -6 -6 -6 -6 -6 -6 -5 -5 -5 -5 -5 -4 -4 -4 -4 -4 -3 ----------- Run | Jun Mat Min Exi Min Mat Fac Low Low Dat Pro Fac Low Low Zio Dee Pro Fac Upp Upp Zhi Pro Fac Upp Upp War Pro Matter Collected 4395 | 148 137 177 . . 385 604 280 209 . 573 43 196 11 58 583 341 126 55 58 . 174 90 37 30 80 . Remotely . | . . . . . . . . . . . . . . . . . . . . . . . . . . . Salvage Created 9758 | . 153 133 . . 627 711 111 344 . 399 43 129 28 . 855 691 1910 535 336 . 961 563 . 130 1099 . Parts 458 | . 13 5 . . 42 35 10 14 . 16 3 3 5 . 18 21 108 36 19 . 30 37 . 8 35 . Haulers Intercepted . | . . . . . . . . . . . . . . . . . . . . . . . . . . . Recyclers Shooed 1 | . 1 . . . . . . . . . . . . . . . . . . . . . . . . . Parts Field Recycled . | . . . . . . . . . . . . . . . . . . . . . . . . . . . Retrieved Matter . | . . . . . . . . . . . . . . . . . . . . . . . . . . . Parts Self-Destructed 163 | . . . . . . . 7 7 . 18 . 2 3 . . 22 . 35 19 . 28 . . 22 . . Prevented 4 | . . . . . . . . 4 . . . . . . . . . . . . . . . . . . Kills | -11 -10 -10 -10 -9 -8 -7 -7 -7 -7 -6 -6 -6 -6 -6 -6 -5 -5 -5 -5 -5 -4 -4 -4 -4 -4 -3 ------- Run | Jun Mat Min Exi Min Mat Fac Low Low Dat Pro Fac Low Low Zio Dee Pro Fac Upp Upp Zhi Pro Fac Upp Upp War Pro Combat Hostiles Destroyed 226 | . 5 3 . . 11 15 5 12 . 12 1 3 4 . 43 11 34 11 13 . 14 8 . 5 16 . Guns 41 | . 5 3 . . 11 11 1 2 . 4 1 3 . . . . . . . . . . . . . . Cannons 110 | . . . . . . . . . . 2 . . . . . 11 30 11 13 . 14 8 . 5 16 . AOE 73 | . . . . . . 4 4 10 . 6 . . 4 . 41 . 4 . . . . . . . . . Classes Destroyed 21 | . 2 . . . 4 2 . 1 . . . 1 . . 5 . 3 . . . . . . . 3 . Worker 6 | . . . . . 2 2 . . . . . . . . . . 1 . . . . 1 . . . . Builder 3 | . . . . . . . . . . . . . . . . . 2 . . . . 1 . . . . Recycler 1 | . . . . . 1 . . . . . . . . . . . . . . . . . . . . . Operator 2 | . . . . . . . . . . . . . . . . . 1 . . . . 1 . . . . Watcher 3 | . . . . . . 1 . . . . . . . . . . 2 . . . . . . . . . Swarmer 50 | . 3 . . . 1 . 4 . . 2 . . 4 . . 1 10 5 13 . 1 . . 5 1 . Grunt 70 | . 2 3 . . 5 7 . 11 . 6 . . . . . 9 3 3 . . 11 . . . 10 . Brawler 2 | . . . . . . . . . . . . . . . . . 1 1 . . . . . . . . Duelist 3 | . . . . . . . . 1 . 1 . . . . . . . . . . 1 . . . . . Protector 3 | . . . . . . . . . . . . . . . . . . . . . . . . . 3 . Sentry 14 | . . . . . 4 3 . . . 1 . . . . . 1 2 . . . 1 2 . . . . Hunter 14 | . . . . . 1 . . . . 2 . 2 . . . . 5 2 . . . 2 . . . . Programmer 22 | . . . . . . 5 1 . . . 1 . . . . . 11 . . . . 4 . . . . Striker 1 | . . . . . . . . . . . . . . . . . . . . . . . . . 1 . Executioner 1 | . . . . . . . . . . . . . . . . . . . . . . . . . 1 . Z-Light 5 | . . . . . . . . . . . . . . . 5 . . . . . . . . . . . Decomposer 1 | . . . . . . . 1 . . . . . . . . . . . . . . . . . . . Assembler 2 | . . . . . . . . . . . . . . . 2 . . . . . . . . . . . Assembled 37 | . . . . . . . . . . . . . . . 37 . . . . . . . . . . . Golem 3 | . . . . . . . . . . . . . . . 1 . 2 . . . . . . . . . Savage 1 | . . . . . . . . . . . . . . . . . . . . . . . . . 1 . Fireman 1 | . . . . . . . . . . . . . . . 1 . . . . . . . . . . . Mutant 1 | . . . . . . . . . . . . 1 . . . . . . . . . . . . . . Best Kill Streak 38 | . 3 2 . . 3 4 4 8 . 9 1 2 4 . 38 4 7 5 5 . 5 4 . 5 6 . Combat Bots Only 36 | . 3 2 . . 3 4 4 8 . 9 1 2 4 . 36 4 5 5 5 . 5 3 . 5 6 . Max Kills in Single Turn 22 | . 1 1 . . 1 2 4 3 . 3 1 1 2 . 22 1 3 1 2 . 1 2 . 2 2 . Gunslinging . | . . . . . . . . . . . . . . . . . . . . . . . . . . . Exploded 22 | . . . . . . 2 4 3 . 3 . . 2 . 22 . 2 . . . . . . . . . Melee . | . . . . . . . . . . . . . . . . . . . . . . . . . . . Uniques/NPCs Destroyed 1 | . . . . . . . . . . . . . . . 1 . . . . . . . . . . . Z-Imprinter (-6/Deep Caves) Combat | -11 -10 -10 -10 -9 -8 -7 -7 -7 -7 -6 -6 -6 -6 -6 -6 -5 -5 -5 -5 -5 -4 -4 -4 -4 -4 -3 -------- Run | Jun Mat Min Exi Min Mat Fac Low Low Dat Pro Fac Low Low Zio Dee Pro Fac Upp Upp Zhi Pro Fac Upp Upp War Pro Damage Taken 13647 | . 161 30 . . 491 796 85 344 . 532 54 577 101 . 1392 1099 1675 503 514 . 1062 750 . 33 3256 192 Core 1938 | . 78 . . . 10 44 . 11 . 41 . 8 . . 178 143 131 16 55 . 119 18 . . 894 192 Absorbed by Shields 779 | . 63 12 . . 121 184 32 125 . 181 18 43 . . . . . . . . . . . . . . Redirected to Shielding 144 | . . . . . . . . . . . . . . . 144 . . . . . . . . . . . Regen/Repaired (Parts) 279 | . . . . . . . . . . . . . . . . . . . . . . 279 . . . . Core Remaining (%) 80 | 100 . . . 68 98 . . . . 86 . . . . . 61 . . . . 67 . . . . . Volleys Fired 648 | . 22 10 . . 43 49 15 10 . 20 1 14 3 . 35 35 115 17 17 . 101 28 69 12 32 . Largest 3 | . 2 2 . . 3 3 3 2 . 3 3 3 1 . 3 3 3 3 3 . 3 3 1 3 3 . Hottest 172 | . 40 40 . . 60 78 78 52 . 139 168 172 39 . 111 75 75 75 75 . 75 75 25 75 75 . Shots Fired 1204 | . 44 20 . . 128 141 23 15 . 41 3 38 3 . 49 59 180 33 33 . 143 57 69 36 89 . Gun 419 | . 44 20 . . 128 138 12 9 . 20 3 38 . . 1 6 . . . . . . . . . . Cannon 715 | . . . . . . . 10 . . 14 . . . . . 53 178 33 33 . 143 57 69 36 89 . Launcher 70 | . . . . . . 3 1 6 . 7 . . 3 . 48 . 2 . . . . . . . . . Special . | . . . . . . . . . . . . . . . . . . . . . . . . . . . Kinetic 389 | . 44 20 . . 128 138 12 9 . 17 1 20 . . . . . . . . . . . . . . Thermal 735 | . . . . . . . 10 . . 14 2 18 . . . 53 178 33 33 . 143 57 69 36 89 . Explosive 43 | . . . . . . 3 1 6 . 7 . . 3 . 21 . 2 . . . . . . . . . Electromagnetic 30 | . . . . . . . . . . 3 . . . . 27 . . . . . . . . . . . Phasic 7 | . . . . . . . . . . . . . . . 1 6 . . . . . . . . . . Robot Hit Streak 28 | . 7 6 . . 19 28 5 10 . 5 6 18 . . 6 13 24 12 8 . 25 15 . 4 16 . Robot Miss Streak 7 | . 4 2 . . 3 5 4 5 . 5 1 4 3 . 7 3 3 1 1 . 2 1 . 3 2 . Penetration Max . | . . . . . . . . . . . . . . . . . . . . . . . . . . . Secondary Targets 3 | . . 1 . . 1 . . . . . . 1 . . . . . . . . . . . . . . Max Gunslinging Chain 1 | . . 1 . . 1 . . . . . . 1 . . . . . . . . . . . . . . Shots Hit Robots 650 | . 25 13 . . 91 98 10 13 . 26 3 30 . . 9 47 88 21 21 . 58 29 . 7 61 . Core Hits 477 | . 9 8 . . 41 46 10 28 . 34 4 25 4 . 104 17 52 13 10 . 26 15 . 5 26 . Critical Kills . | . . . . . . . . . . . . . . . . . . . . . . . . . . . Critical Parts Destroyed 3 | . . . . . 1 2 . . . . . . . . . . . . . . . . . . . . Critical Strikes 3 | . . . . . 1 2 . . . . . . . . . . . . . . . . . . . . Destroy 3 | . . . . . 1 2 . . . . . . . . . . . . . . . . . . . . Melee Attacks 16 | . . . . . . . . . . . . . . 9 7 . . . . . . . . . . . Impact 16 | . . . . . . . . . . . . . . 9 7 . . . . . . . . . . . Slashing . | . . . . . . . . . . . . . . . . . . . . . . . . . . . Piercing . | . . . . . . . . . . . . . . . . . . . . . . . . . . . Sneak Attacks . | . . . . . . . . . . . . . . . . . . . . . . . . . . . Combat Hostiles . | . . . . . . . . . . . . . . . . . . . . . . . . . . . Follow-up Attacks . | . . . . . . . . . . . . . . . . . . . . . . . . . . . Damage Inflicted 28318 | . 328 164 . 3 1003 2116 458 1267 . 1409 66 670 283 . 4089 2121 4819 1035 968 . 2578 1591 . 338 3005 7 Guns 4511 | . 325 160 . . 989 1606 192 130 . 208 66 670 . . . 165 . . . . . . . . . . Cannons 16174 | . . . . . . . . . . 286 . . . . . 1956 4447 1035 968 . 2578 1569 . 338 2997 . Explosions 7430 | . . . . . . 468 266 1137 . 915 . . 283 . 4031 . 330 . . . . . . . . . Melee 48 | . . . . . . . . . . . . . . . 48 . . . . . . . . . . . Ramming 155 | . 3 4 . 3 14 42 . . . . . . . . 10 . 42 . . . . 22 . . 8 7 Kinetic 3903 | . 325 160 . . 989 1606 192 130 . 198 17 286 . . . . . . . . . . . . . . Thermal 16618 | . . . . . . . . . . 286 49 384 . . 11 1956 4447 1035 968 . 2578 1569 . 338 2997 . Explosive 6239 | . . . . . . 468 266 1137 . 915 . . 283 . 2840 . 330 . . . . . . . . . Electromagnetic 1190 | . . . . . . . . . . 10 . . . . 1180 . . . . . . . . . . . Impact 48 | . . . . . . . . . . . . . . . 48 . . . . . . . . . . . Slashing . | . . . . . . . . . . . . . . . . . . . . . . . . . . . Piercing . | . . . . . . . . . . . . . . . . . . . . . . . . . . . Phasic 165 | . . . . . . . . . . . . . . . . 165 . . . . . . . . . . Highest Corruption 8 | . . . . . 1 2 3 3 3 3 . . . . . 6 8 8 8 8 8 4 4 4 4 . Average Corruption 4 | . . . . . 1 1 2 3 3 3 . . . . . 5 5 8 8 8 8 3 4 4 4 . Corruption Purged . | . . . . . . . . . . . . . . . . . . . . . . . . . . . Corruption Blocked . | . . . . . . . . . . . . . . . . . . . . . . . . . . . Effects 321 | . . . . . 5 30 26 18 4 27 . . . . . 24 23 29 21 23 39 24 19 8 1 . Message Errors 68 | . . . . . 2 5 5 8 1 4 . . . . . 6 5 4 4 4 13 2 3 2 . . Matter Fused 78 | . . . . . 2 7 8 3 2 4 . . . . . 6 5 4 7 5 13 5 3 3 1 . Heat Flow Errors 41 | . . . . . . 6 5 1 . 3 . . . . . 3 2 3 2 3 5 2 5 1 . . Energy Discharges 42 | . . . . . . 3 5 4 . 8 . . . . . 2 2 3 3 . 3 5 2 2 . . Parts Rejected 3 | . . . . . 1 . . . . 2 . . . . . . . . . . . . . . . . Parts Fused 4 | . . . . . . 2 . . . . . . . . . 1 1 . . . . . . . . . Data Loss (minor) 41 | . . . . . . 4 2 . 1 3 . . . . . 3 3 10 2 5 1 3 4 . . . Data Loss (major) 17 | . . . . . . 3 1 1 . 1 . . . . . . 3 2 . 4 . 2 . . . . Misfires 13 | . . . . . . . . 1 . 1 . . . . . 2 2 1 2 . . 3 1 . . . Alerts 9 | . . . . . . . . . . 1 . . . . . 1 . 1 1 2 1 2 . . . . Weapon Failures 5 | . . . . . . . . . . . . . . . . . . 1 . . 3 . 1 . . . Overload Shots . | . . . . . . . . . . . . . . . . . . . . . . . . . . . Overflow Damage 1091 | . . . . . . . 40 . . 2 . . . . 284 151 251 42 102 . 63 72 . . 84 . Projectiles 750 | . . . . . . . . . . . . . . . . 151 236 42 102 . 63 72 . . 84 . Explosions 292 | . . . . . . . 40 . . 2 . . . . 250 . . . . . . . . . . . Melee 49 | . . . . . . . . . . . . . . . 34 . 15 . . . . . . . . . Knockbacks . | . . . . . . . . . . . . . . . . . . . . . . . . . . . Impact . | . . . . . . . . . . . . . . . . . . . . . . . . . . . Kinetic . | . . . . . . . . . . . . . . . . . . . . . . . . . . . Secondary . | . . . . . . . . . . . . . . . . . . . . . . . . . . . Self-Inflicted Damage 152 | . . . . . . . . 22 . 64 . . 49 . 10 . . . . . . . . . 4 3 Shots 5 | . . . . . . . . 1 . 2 . . 1 . 1 . . . . . . . . . . . Rammed 11 | . 1 1 . 1 3 3 . . . . . . . . . . . . . . . . . . 1 1 Targets Rammed 17 | . 1 1 . 1 3 4 . . . . . . . . 1 . 2 . . . . 2 . . 1 1 Kicked 5 | . . . . . . . . . . . . . . . 1 . 2 . . . . 2 . . . . Crushed 1 | . . . . . . 1 . . . . . . . . . . . . . . . . . . . . Highest Temperature 258 | . 12 1 . . 15 169 258 257 . 177 42 195 . . 72 178 152 223 136 110 155 223 196 44 15 . Average Temperature 69 | . 7 1 . . 8 61 128 127 . 47 22 106 . . 21 64 38 109 73 66 75 103 90 44 15 . Received Heat Transfer 2660 | . 75 16 . . 192 187 . 149 . 96 . 67 . . 377 468 111 45 . . 345 57 . . 475 . Effects 4 | . . . . . . . 3 1 . . . . . . . . . . . . . . . . . . Interference 4 | . . . . . . . 3 1 . . . . . . . . . . . . . . . . . . Siege Activations . | . . . . . . . . . . . . . . . . . . . . . . . . . . . Robots Corrupted 2 | . . . . . . . . . . . . . . . 2 . . . . . . . . . . . Combat Hostiles 2 | . . . . . . . . . . . . . . . 2 . . . . . . . . . . . Parts Fried . | . . . . . . . . . . . . . . . . . . . . . . . . . . . Impact Corruptions 3 | . . . . . . . . . . . . . . . 2 . 1 . . . . . . . . . Robots Melted . | . . . . . . . . . . . . . . . . . . . . . . . . . . . Combat Hostiles . | . . . . . . . . . . . . . . . . . . . . . . . . . . . Parts Melted 19 | . . . . . . . . . . . . 1 . . 2 . 2 1 2 . 4 2 . . 5 . Heat Transferred 9367 | . . . . . . . . . . 407 57 398 . . 50 1075 2225 600 575 . 1450 850 . 200 1480 . Parts Sabotaged . | . . . . . . . . . . . . . . . . . . . . . . . . . . . Parts Stolen . | . . . . . . . . . . . . . . . . . . . . . . . . . . . Parts Stripped . | . . . . . . . . . . . . . . . . . . . . . . . . . . . Power Chain Reactions 1 | . . . . . . . . . . . . . . . 1 . . . . . . . . . . . Missiles Intercepted . | . . . . . . . . . . . . . . . . . . . . . . . . . . . Alert | -11 -10 -10 -10 -9 -8 -7 -7 -7 -7 -6 -6 -6 -6 -6 -6 -5 -5 -5 -5 -5 -4 -4 -4 -4 -4 -3 ------- Run | Jun Mat Min Exi Min Mat Fac Low Low Dat Pro Fac Low Low Zio Dee Pro Fac Upp Upp Zhi Pro Fac Upp Upp War Pro Peak Influence 695 | . 120 87 . . 288 273 . . . . 54 . . . . . 695 . . . . 227 . . . . Initial 56 | . . 46 . . . 6 . . . . . . . . . . 56 . . . . . . . . . Average 117 | . 32 53 . . 142 73 . . . . 12 . . . . . 287 . . . . 72 . . . . Maximum Alert Level 2 | . . . . . 1 1 . . . . . . . . . . 2 . . . . 1 . . . . Low Security (%) 79 | 100 100 100 . 100 79 85 . . . . 100 . . . . . 46 . . . . 92 . . . . Level 1 10 | . . . . . 20 14 . . . . . . . . . . 12 . . . . 7 . . . . Level 2 9 | . . . . . . . . . . . . . . . . . 40 . . . . . . . . . Level 3 . | . . . . . . . . . . . . . . . . . . . . . . . . . . . Level 4 . | . . . . . . . . . . . . . . . . . . . . . . . . . . . Level 5 . | . . . . . . . . . . . . . . . . . . . . . . . . . . . High Security . | . . . . . . . . . . . . . . . . . . . . . . . . . . . Max Security . | . . . . . . . . . . . . . . . . . . . . . . . . . . . Squads Dispatched 25 | . 1 . . . 1 6 . . . . 2 . . . . . 12 . . . . 3 . . . . Investigation 5 | . . . . . . . . . . . 1 . . . . . 3 . . . . 1 . . . . Extermination 14 | . . . . . . 5 . . . . 1 . . . . . 6 . . . . 2 . . . . Reinforcement 4 | . 1 . . . 1 1 . . . . . . . . . . 1 . . . . . . . . . Assault 2 | . . . . . . . . . . . . . . . . . 2 . . . . . . . . . Garrison . | . . . . . . . . . . . . . . . . . . . . . . . . . . . Intercept . | . . . . . . . . . . . . . . . . . . . . . . . . . . . Searches Triggered . | . . . . . . . . . . . . . . . . . . . . . . . . . . . Data Miner Redirects 2 | . . . . . . . . . . . . . . . . . 2 . . . . . . . . . Construction Impeded . | . . . . . . . . . . . . . . . . . . . . . . . . . . . Haulers Reinforced 1 | . . . . . . 1 . . . . . . . . . . . . . . . . . . . . Active Scanning Responses . | . . . . . . . . . . . . . . . . . . . . . . . . . . . Cargo Convoy Interrupts . | . . . . . . . . . . . . . . . . . . . . . . . . . . . Stealth | -11 -10 -10 -10 -9 -8 -7 -7 -7 -7 -6 -6 -6 -6 -6 -6 -5 -5 -5 -5 -5 -4 -4 -4 -4 -4 -3 --------- Run | Jun Mat Min Exi Min Mat Fac Low Low Dat Pro Fac Low Low Zio Dee Pro Fac Upp Upp Zhi Pro Fac Upp Upp War Pro Distress Signals 4 | . 1 . . . 1 1 . . . . . . . . . . . . . . . . . . 1 . Communications Jammed . | . . . . . . . . . . . . . . . . . . . . . . . . . . . Distress Signals . | . . . . . . . . . . . . . . . . . . . . . . . . . . . Times Spotted 326 | . 8 4 . . 19 25 3 11 . 17 3 4 4 . 60 11 38 11 13 . 14 12 . 5 56 8 Peak Tracking Total 37 | . 5 2 . . 5 6 4 8 . 7 2 2 4 . 37 4 5 5 5 . 5 3 . 5 15 9 Tactical Retreats 8 | . . . . . . . . . . 1 . . . . 3 . 1 . . . . . . . 2 1 Traps | -11 -10 -10 -10 -9 -8 -7 -7 -7 -7 -6 -6 -6 -6 -6 -6 -5 -5 -5 -5 -5 -4 -4 -4 -4 -4 -3 ------- Run | Jun Mat Min Exi Min Mat Fac Low Low Dat Pro Fac Low Low Zio Dee Pro Fac Upp Upp Zhi Pro Fac Upp Upp War Pro Traps Triggered 9 | . . . . . 1 4 . . . . 2 . . . . . 1 . . . . . . . 1 . Indirectly . | . . . . . . . . . . . . . . . . . . . . . . . . . . . Trap Hack Attempts . | . . . . . . . . . . . . . . . . . . . . . . . . . . . Triggered . | . . . . . . . . . . . . . . . . . . . . . . . . . . . Disarmed . | . . . . . . . . . . . . . . . . . . . . . . . . . . . Reprogrammed . | . . . . . . . . . . . . . . . . . . . . . . . . . . . Reused . | . . . . . . . . . . . . . . . . . . . . . . . . . . . Traps Extracted . | . . . . . . . . . . . . . . . . . . . . . . . . . . . Installed . | . . . . . . . . . . . . . . . . . . . . . . . . . . . Triggered 30 | . . . . . . . . . . . . . . . . . . . . . . . . . 30 . Most Traps Carried 1 | . . . . . . . . . . . . 1 1 1 . . . . . . . . . . . . Machines | -11 -10 -10 -10 -9 -8 -7 -7 -7 -7 -6 -6 -6 -6 -6 -6 -5 -5 -5 -5 -5 -4 -4 -4 -4 -4 -3 ---------- Run | Jun Mat Min Exi Min Mat Fac Low Low Dat Pro Fac Low Low Zio Dee Pro Fac Upp Upp Zhi Pro Fac Upp Upp War Pro Machines Disabled 12 | . . . . . . . . . . 4 . 1 . . 1 . 4 1 . . . . . . 1 . Max in Single Turn 1 | . . . . . . . . . . 1 . 1 . . 1 . 1 1 . . . . . . 1 . Garrison Access 4 | . . . . . . 3 . . . . . . . . . . . . . . . 1 . . . . Machines Repaired . | . . . . . . . . . . . . . . . . . . . . . . . . . . . Machines Sabotaged . | . . . . . . . . . . . . . . . . . . . . . . . . . . . Overloaded Fab Kills . | . . . . . . . . . . . . . . . . . . . . . . . . . . . Hacking | -11 -10 -10 -10 -9 -8 -7 -7 -7 -7 -6 -6 -6 -6 -6 -6 -5 -5 -5 -5 -5 -4 -4 -4 -4 -4 -3 --------- Run | Jun Mat Min Exi Min Mat Fac Low Low Dat Pro Fac Low Low Zio Dee Pro Fac Upp Upp Zhi Pro Fac Upp Upp War Pro Machines Accessed 48 | . 2 . . . 5 9 . . 3 . 3 . . . . . 9 1 . 6 1 7 . 1 1 . Terminals 22 | . 2 . . . 3 5 . . . . 1 . . . . . 7 . . . 1 3 . . . . Fabricators 5 | . . . . . . 1 . . . . 1 . . . . . 2 . . . . 1 . . . . Repair Stations 3 | . . . . . . . . . . . 1 . . . . . . . . . . 2 . . . . Recycling Units . | . . . . . . . . . . . . . . . . . . . . . . . . . . . Scanalyzers 1 | . . . . . 1 . . . . . . . . . . . . . . . . . . . . . Garrison Access 5 | . . . . . 1 3 . . . . . . . . . . . . . . . 1 . . . . Total Hacks 148 | . 4 . . . 20 22 . . 27 . 9 . . . . . 23 1 . 19 1 17 . 1 4 . Successful 101 | . 3 . . . 7 11 . . 27 . 3 . . . . . 9 1 . 19 1 15 . 1 4 . Failed 46 | . . . . . 13 11 . . . . 6 . . . . . 14 . . . . 2 . . . . Catastrophic 8 | . . . . . 2 1 . . . . . . . . . . 5 . . . . . . . . . Database Lockouts 1 | . 1 . . . . . . . . . . . . . . . . . . . . . . . . . Manual 58 | . 4 . 1 . 12 15 . . . . 2 . . . . . 17 . . . . 6 . . 1 . Terminals 61 | . 4 . . . 12 16 . . . . 2 . . . . . 17 . . . 1 9 . . . . Fabricators 15 | . . . . . . 1 . . . . 5 . . . . . 6 . . . . 3 . . . . Repair Stations 6 | . . . . . . . . . . . 2 . . . . . . . . . . 4 . . . . Recycling Units . | . . . . . . . . . . . . . . . . . . . . . . . . . . . Scanalyzers 2 | . . . . . 2 . . . . . . . . . . . . . . . . . . . . . Garrison Access 12 | . . . . . 6 5 . . . . . . . . . . . . . . . 1 . . . . Terminal Hacks 69 | . 1 . . . 2 5 . . 27 . . . . . . . 3 1 . 19 1 5 . 1 4 . Record 17 | . . . . . . . . . 6 . . . . . . . . 1 . 7 1 2 . . . . Part Schematic 19 | . . . . . 1 3 . . 11 . . . . . . . . . . 4 . . . . . . Robot Schematic 7 | . . . . . . . . . 7 . . . . . . . . . . . . . . . . . Robot Analysis 6 | . 1 . . . . 1 . . . . . . . . . . . . . 4 . . . . . . Prototype ID Bank 11 | . . . . . . . . . 3 . . . . . . . . . . 4 . . . . 4 . Open Door 1 | . . . . . . . . . . . . . . . . . . . . . . . . 1 . . Branch Access Points 4 | . . . . . 1 1 . . . . . . . . . . 1 . . . . 1 . . . . Alert Level 1 | . . . . . . . . . . . . . . . . . . . . . . 1 . . . . Unreport Threat 1 | . . . . . . . . . . . . . . . . . 1 . . . . . . . . . Recall Investigation 1 | . . . . . . . . . . . . . . . . . 1 . . . . . . . . . Zone Layout 1 | . . . . . . . . . . . . . . . . . . . . . . 1 . . . . Fabricator Hacks 10 | . . . . . . . . . . . 2 . . . . . 5 . . . . 3 . . . . Network Status 3 | . . . . . . . . . . . 1 . . . . . 1 . . . . 1 . . . . Load Schematic 4 | . . . . . . . . . . . 1 . . . . . 2 . . . . 1 . . . . Build 3 | . . . . . . . . . . . . . . . . . 2 . . . . 1 . . . . Repair Station Hacks 5 | . . . . . . . . . . . 1 . . . . . . . . . . 4 . . . . Scan Component 3 | . . . . . . . . . . . 1 . . . . . . . . . . 2 . . . . Repair 2 | . . . . . . . . . . . . . . . . . . . . . . 2 . . . . Recycling Unit Hacks . | . . . . . . . . . . . . . . . . . . . . . . . . . . . Scanalyzer 2 | . . . . . 2 . . . . . . . . . . . . . . . . . . . . . Insert Component 1 | . . . . . 1 . . . . . . . . . . . . . . . . . . . . . Analyze 1 | . . . . . 1 . . . . . . . . . . . . . . . . . . . . . Garrison Access Hacks 4 | . . . . . . 3 . . . . . . . . . . . . . . . 1 . . . . Seal Access 4 | . . . . . . 3 . . . . . . . . . . . . . . . 1 . . . . Unauthorized Hacks 11 | . 2 . . . 3 3 . . . . . . . . . . 1 . . . . 2 . . . . Terminals 11 | . 2 . . . 3 3 . . . . . . . . . . 1 . . . . 2 . . . . Assimilate 1 | . . . . . . 1 . . . . . . . . . . . . . . . . . . . . Botnet 10 | . 2 . . . 3 2 . . . . . . . . . . 1 . . . . 2 . . . . Fabricators . | . . . . . . . . . . . . . . . . . . . . . . . . . . . Repair Stations . | . . . . . . . . . . . . . . . . . . . . . . . . . . . Recycling Units . | . . . . . . . . . . . . . . . . . . . . . . . . . . . Scanalyzers . | . . . . . . . . . . . . . . . . . . . . . . . . . . . Garrison Access . | . . . . . . . . . . . . . . . . . . . . . . . . . . . Data Cores Recovered 2 | . . . . . . . . . . . . . . . . . 1 . . . . 1 . . . . Used 2 | . . . . . . . . . . . . . . . . . 1 . . . . 1 . . . . Hacking Detections 31 | . 2 . . . 5 7 . . . . 3 . . . . . 9 . . . 1 4 . . . . Full Trace Events 4 | . . . . . . . . . . . . . . . . . 3 . . . . 1 . . . . Feedback Events . | . . . . . . . . . . . . . . . . . . . . . . . . . . . Feedback Blocked . | . . . . . . . . . . . . . . . . . . . . . . . . . . . Robot Schematics Acquired 9 | . . . . . . . . . 7 . . . . 2 . . . . . . . . . . . . Robots Built 1 | . . . . . . . . . . . . . . . . . 1 . . . . . . . . . Authchips . | . . . . . . . . . . . . . . . . . . . . . . . . . . . Time 116 | . . . . . . . . . . . . . . . . . 116 . . . . . . . . . Total Robot Build Rating 3 | . . . . . . . . . . . . . . . . . 3 . . . . . . . . . Part Schematics Acquired 35 | . . . . . 2 3 . . 11 . . . . 15 . . . . . 4 . . . . . . Parts Built 1 | . . . . . . . . . . . . . . . . . . . . . . 1 . . . . Authchips . | . . . . . . . . . . . . . . . . . . . . . . . . . . . Time 159 | . . . . . . . . . . . . . . . . . 106 . . . . 53 . . . . Total Part Build Rating 6 | . . . . . . . . . . . . . . . . . . . . . . 6 . . . . Parts Repaired 2 | . . . . . . . . . . . . . . . . . . . . . . 2 . . . . Time 88 | . . . . . . . . . . . . . . . . . . . . . . 88 . . . . Parts Recycled . | . . . . . . . . . . . . . . . . . . . . . . . . . . . Recycled Matter . | . . . . . . . . . . . . . . . . . . . . . . . . . . . Retrieved Matter . | . . . . . . . . . . . . . . . . . . . . . . . . . . . Retrieved Components . | . . . . . . . . . . . . . . . . . . . . . . . . . . . Parts Scanalyzed 1 | . . . . . 1 . . . . . . . . . . . . . . . . . . . . . Part Schematics Acquired 1 | . . . . . 1 . . . . . . . . . . . . . . . . . . . . . Parts Damaged 1 | . . . . . 1 . . . . . . . . . . . . . . . . . . . . . Bothacking | -11 -10 -10 -10 -9 -8 -7 -7 -7 -7 -6 -6 -6 -6 -6 -6 -5 -5 -5 -5 -5 -4 -4 -4 -4 -4 -3 ------------ Run | Jun Mat Min Exi Min Mat Fac Low Low Dat Pro Fac Low Low Zio Dee Pro Fac Upp Upp Zhi Pro Fac Upp Upp War Pro Used RIF Installer . | . . . . . . . . . . . . . . . . . . . . . . . . . . . Robots Hacked . | . . . . . . . . . . . . . . . . . . . . . . . . . . . Non-combat . | . . . . . . . . . . . . . . . . . . . . . . . . . . . Combat . | . . . . . . . . . . . . . . . . . . . . . . . . . . . Robot Hacks Applied . | . . . . . . . . . . . . . . . . . . . . . . . . . . . Relay Couplers Released . | . . . . . . . . . . . . . . . . . . . . . . . . . . . Fabnet Peak Effective % . | . . . . . . . . . . . . . . . . . . . . . . . . . . . Robots Rewired . | . . . . . . . . . . . . . . . . . . . . . . . . . . . Allies Hacked 1 | . . . . . . . . . . . . . . . . . 1 . . . . . . . . . Hacks Repelled . | . . . . . . . . . . . . . . . . . . . . . . . . . . . Allies | -11 -10 -10 -10 -9 -8 -7 -7 -7 -7 -6 -6 -6 -6 -6 -6 -5 -5 -5 -5 -5 -4 -4 -4 -4 -4 -3 -------- Run | Jun Mat Min Exi Min Mat Fac Low Low Dat Pro Fac Low Low Zio Dee Pro Fac Upp Upp Zhi Pro Fac Upp Upp War Pro Total Allies 13 | . . 3 . 1 . 1 . . . 1 . . . 6 . . 1 . . . . . . . . . Largest Group 6 | . . 3 1 2 2 1 . . . 1 . . . 6 6 . 1 . . . . . . . . . Highest-Rated Group 172 | . . 40 16 47 47 10 . . . 96 . . . 172 172 . 26 . . . . . . . . . Highest-Rated Ally 96 | . . 16 16 31 31 10 . . . 96 . . . 31 31 . 26 . . . . . . . . . Total Orders . | . . . . . . . . . . . . . . . . . . . . . . . . . . . Ally Attacks 109 | . . 4 . . 6 . . . . 11 . . . . 88 . . . . . . . . . . . Total Damage 1916 | . . 44 . . 96 . . . . 559 . . . . 1217 . . . . . . . . . . . Kills 15 | . . 1 . . 2 . . . . 4 . . . . 8 . . . . . . . . . . . Allies Corrupted . | . . . . . . . . . . . . . . . . . . . . . . . . . . . Allies Melted . | . . . . . . . . . . . . . . . . . . . . . . . . . . . Intel | -11 -10 -10 -10 -9 -8 -7 -7 -7 -7 -6 -6 -6 -6 -6 -6 -5 -5 -5 -5 -5 -4 -4 -4 -4 -4 -3 ------- Run | Jun Mat Min Exi Min Mat Fac Low Low Dat Pro Fac Low Low Zio Dee Pro Fac Upp Upp Zhi Pro Fac Upp Upp War Pro Robot Analysis Total 6 | . 1 . . . . 1 . . . . . . . . . . . . . 4 . . . . . . Derelict Logs Recovered 17 | . . 3 . 1 . . 1 1 . . . . . 3 . 3 . 1 1 . 3 . . . . . Drone Launches . | . . . . . . . . . . . . . . . . . . . . . . . . . . . Drone Recoveries . | . . . . . . . . . . . . . . . . . . . . . . . . . . . Exploration | -11 -10 -10 -10 -9 -8 -7 -7 -7 -7 -6 -6 -6 -6 -6 -6 -5 -5 -5 -5 -5 -4 -4 -4 -4 -4 -3 ------------- Run | Jun Mat Min Exi Min Mat Fac Low Low Dat Pro Fac Low Low Zio Dee Pro Fac Upp Upp Zhi Pro Fac Upp Upp War Pro Turns Passed 29083 | 78 271 721 422 156 817 3852 1221 612 198 1392 1220 700 610 2391 1715 1917 2675 1070 567 707 1213 1722 734 621 1429 52 Spaces Moved 11252 | 43 113 430 260 97 342 1513 474 234 81 535 477 270 250 985 656 564 997 253 284 170 528 408 282 264 655 87 Core 141 | 4 . . . . . . . . . . . . . . 5 . . . . . . . . . 45 87 Treads 6281 | 39 113 430 260 97 342 1513 474 234 81 535 477 270 250 985 181 . . . . . . . . . . . Legs 4830 | . . . . . . . . . . . . . . . 470 564 997 253 284 170 528 408 282 264 610 . Wheels . | . . . . . . . . . . . . . . . . . . . . . . . . . . . Hover . | . . . . . . . . . . . . . . . . . . . . . . . . . . . Flight . | . . . . . . . . . . . . . . . . . . . . . . . . . . . Fastest Speed 50 | 50 160 160 160 160 160 160 160 245 245 245 240 240 240 240 210 180 180 180 180 180 180 180 210 210 50 50 Average Speed 209 | 149 160 160 160 160 162 228 213 245 245 245 242 240 240 240 228 217 182 182 180 189 180 226 210 210 198 50 Slowest Speed 1550 | 160 160 160 160 160 240 320 245 245 245 245 245 240 240 240 1550 310 210 210 180 210 180 240 210 210 240 50 Overloaded Moves . | . . . . . . . . . . . . . . . . . . . . . . . . . . . Propulsion Burnouts . | . . . . . . . . . . . . . . . . . . . . . . . . . . . Robots Hopped . | . . . . . . . . . . . . . . . . . . . . . . . . . . . Cave-ins Triggered 2 | . . . . . . . . . . . . . . . . . 2 . . . . . . . . . Teleports 1 | . . . . . . . . . . . . . . . . . . . . . . . . . 1 . Exploration Rate (%) 48 | 4 22 83 69 25 32 34 60 47 69 77 15 57 52 90 70 66 28 46 58 63 61 14 41 42 72 17 Regions Visited 26 Branch Regions 20 Pre-discovered Areas 8 | . . . . . . . . . 1 . . . . 3 . . . . 1 3 . . . . . . Known Exits Taken 15 | . . . . . . 1 1 1 1 1 1 1 1 1 1 1 1 1 . . 1 1 . . . . Unknown Exits Taken 11 | 1 1 1 1 1 1 . . . . . . . . . . . . . 1 1 . . 1 1 1 . Scrap Searched 21 | . . 2 . . . . 4 . . . . 1 1 3 . . . 1 3 . 5 . . 1 . . Spaces Dug 71 | . . . . . . . 1 . . . . . . 2 . . 23 . . . 12 5 12 15 1 . Terrain Destroyed 630 | . . . . . . 10 21 50 . 58 . . 51 2 97 11 93 8 10 . 85 20 69 28 17 . Melee 2 | . . . . . . . . . . . . . . 2 . . . . . . . . . . . . Projectile 324 | . . . . . . . 3 . . 1 . . . . . 11 72 8 10 . 85 20 69 28 17 . AOE 304 | . . . . . . 10 18 50 . 57 . . 51 . 97 . 21 . . . . . . . . . Terrain Rammed . | . . . . . . . . . . . . . . . . . . . . . . . . . . . Walls Destroyed . | . . . . . . . . . . . . . . . . . . . . . . . . . . . Machines Disabled . | . . . . . . . . . . . . . . . . . . . . . . . . . . . Actions | -11 -10 -10 -10 -9 -8 -7 -7 -7 -7 -6 -6 -6 -6 -6 -6 -5 -5 -5 -5 -5 -4 -4 -4 -4 -4 -3 --------- Run | Jun Mat Min Exi Min Mat Fac Low Low Dat Pro Fac Low Low Zio Dee Pro Fac Upp Upp Zhi Pro Fac Upp Upp War Pro Total 15750 | 54 159 443 266 97 515 1807 665 258 83 582 541 298 256 1003 815 1206 1685 837 315 563 665 1161 355 304 721 96 Wait 3392 | . 15 3 1 . 95 180 167 11 . 18 38 1 . 5 47 590 538 557 10 361 23 693 5 25 3 6 Move 11224 | 42 112 429 259 96 341 1512 473 233 80 534 476 269 249 984 655 563 994 252 283 169 527 407 281 263 654 87 Hop . | . . . . . . . . . . . . . . . . . . . . . . . . . . . Pick Up 106 | 6 4 . . . 8 18 1 . . 4 4 3 1 1 13 2 10 . 1 5 7 9 . 2 6 1 Fast Attach 76 | 6 2 . 3 . 4 12 2 . . 1 5 3 . . 17 1 5 1 1 5 . 3 . . 5 . Attach 26 | . . . . . 4 1 . 3 . 4 3 2 1 . 1 1 . . 1 . . 1 . . 3 1 Detach 10 | . . . . . . . . . 3 . 1 . . . 2 3 . . . . . 1 . . . . Swap 48 | . . . . . 6 9 5 1 . 1 4 . 2 3 8 1 2 1 . 1 . 3 . 1 . . Drop 179 | . 3 . 3 . 11 20 2 . . . 9 6 . 1 29 7 17 9 2 21 7 14 . 1 17 . Fire 648 | . 22 10 . . 43 49 15 10 . 20 1 14 3 . 35 35 115 17 17 . 101 28 69 12 32 . Melee 16 | . . . . . . . . . . . . . . 9 7 . . . . . . . . . . . Ram 2 | . . . . . . . . . . . . . . . . . . . . . . . . . 1 1 Kick 5 | . . . . . . . . . . . . . . . 1 . 2 . . . . 2 . . . . Crush 10 | . 1 1 . 1 3 4 . . . . . . . . . . . . . . . . . . . . Escape Stasis 4 | . . . . . . 2 . . . . . . . . . . 2 . . . . . . . . . Rewire 4 | . . . . . . . . . . . . . . . . 3 . . . 1 . . . . . . Trap . | . . . . . . . . . . . . . . . . . . . . . . . . . . . Miscellaneous . | . . . . . . . . . . . . . . . . . . . . . . . . . . . Route ------- -11/Junkyard -10/Materials -10/Mines (discovered 3 exits: [*Mat x2] / *Exi) -10/Exiles -9/Mines (discovered 2 exits: *Mat x2) -8/Materials (discovered 2 exits: *Fac / Sto) -7/Factory (discovered 3 exits: *Fac / *Low x2) -7/Lower Caves -7/Lower Caves -7/Data Miner -6/Proximity Caves -6/Factory -6/Lower Caves -6/Lower Caves (discovered 2 exits: *Fac / *Zio) -6/Zion (discovered 2 exits: *Dee / *Pro) -6/Deep Caves -5/Proximity Caves -5/Factory (discovered 4 exits: *Fac x2 / *Upp x2) -5/Upper Caves -5/Upper Caves (discovered 2 exits: *Fac / *Zhi) -5/Zhirov -4/Proximity Caves -4/Factory (discovered 3 exits: [*Res] / *Upp x2) -4/Upper Caves -4/Upper Caves -4/Warlord -3/Proximity Caves History --------- Turn | Location | Event 45 | -11/Junkyard | Discovered new exit (range 15) 79 | -11/Junkyard | Entered Materials 193 | -10/Materials | Discovered new exit (range 16) 318 | -10/Materials | Build established: Mutant 343 | -10/Materials | Central database locked down 350 | -10/Materials | Entered Mines 352 | -10/Mines | Assisted by bots powering up and referring to "LRC-V3" 371 | -10/Mines | Learned 2 Materials zone layouts 400 | -10/Mines | Met a Derelict bent on vengeance 443 | -10/Mines | Learned Materials emergency access door positions 622 | -10/Mines | Discovered new exit (range 6) 635 | -10/Mines | Learned 8 Materials zone layouts 678 | -10/Mines | Discovered new exit (range 15) 1063 | -10/Mines | Deemed a non-threat by the Exiles lab entrance 1065 | -10/Mines | Discovered new exit (range 5) 1071 | -10/Mines | Entered Exiles 1071 | -10/Exiles | Accompanied by 1 ally 1108 | -10/Exiles | Met 8R-AWN 1137 | -10/Exiles | Met EX-HEX 1185 | -10/Exiles | Met EX-BIN 1203 | -10/Exiles | Aligned with FarCom system 1204 | -10/Exiles | Given EX-Vault access code 1241 | -10/Exiles | Opened EX-Vault 1248 | -10/Exiles | Found Prototype Device 1248 | -10/Exiles | Identified Cloak of Protection 1258 | -10/Exiles | Found Prototype Device 1258 | -10/Exiles | Identified Skeleton Box 1303 | -10/Exiles | Warned to stay clear of 0b10 Research branches 1406 | -10/Exiles | Met EX-DEC 1478 | -10/Exiles | Discovered new exit (range 11) 1493 | -10/Exiles | Left Exiles lab with Cloak of Protection 1493 | -10/Exiles | Entered Mines 1493 | -9/Mines | Accompanied by 1 ally 1508 | -9/Mines | Discovered new exit (range 8) 1586 | -9/Mines | Learned Materials terminal intel 1612 | -9/Mines | Discovered new exit (range 15) 1634 | -9/Mines | Received a Mining Laser from a helpful Derelict 1649 | -9/Mines | Entered Materials 1649 | -8/Materials | Accompanied by 2 allies 1649 | -8/Materials | Evolved 4 slots: Utility x3, Weapon x1 1650 | -8/Materials | Identified exit to Storage 1652 | -8/Materials | Loaded intel: 12 terminal locations 2306 | -8/Materials | Discovered new exit (range 16) 2352 | -8/Materials | Build established: Scavenger-Skirmisher 2466 | -8/Materials | Entered Factory 2466 | -7/Factory | Evolved 2 slots: Utility x2 2724 | -7/Factory | Discovered new exit (range 15) 2936 | -7/Factory | Build established: Scavenger-Tank 5088 | -7/Factory | Identified exit to Factory 5529 | -7/Factory | Identified exit to Lower Caves 6318 | -7/Factory | Entered Lower Caves 6576 | -7/Lower Caves | Encountered a Warlord checkpoint 6643 | -7/Lower Caves | Learned Factory interactive machine intel 7190 | -7/Lower Caves | Build established: Mutant 7433 | -7/Lower Caves | Discovered new exit (range 11) 7456 | -7/Lower Caves | Identified exit to Lower Caves 7539 | -7/Lower Caves | Entered another Lower Caves area 7726 | -7/Lower Caves | Spotted B-75 Beast 7857 | -7/Lower Caves | Destroyed 8 combat bots 7900 | -7/Lower Caves | Learned Factory stockpile data 8119 | -7/Lower Caves | Discovered new exit (range 13) 8149 | -7/Lower Caves | Identified exit to Data Miner 8151 | -7/Lower Caves | Entered Data Miner 8151 | -7/Data Miner | Discovered new exit (range 6) 8200 | -7/Data Miner | Met Data Miner 8244 | -7/Data Miner | Learned location of Section 7 (-2) 8244 | -7/Data Miner | Acquired the access code to Warlord's prototype stash 8283 | -7/Data Miner | Received God Mode back door access code from Data Miner 8347 | -7/Data Miner | Identified exit to Proximity Caves 8349 | -7/Data Miner | Entered Proximity Caves 8617 | -6/Proximity Caves | Escorted by Enhanced Grunt 8660 | -6/Proximity Caves | Build established: Tank 8722 | -6/Proximity Caves | Attracted the attention of an 0b10 base 8788 | -6/Proximity Caves | Destroyed 9 combat bots 9022 | -6/Proximity Caves | Build established: Mutant 9138 | -6/Proximity Caves | Attracted the attention of an 0b10 checkpoint 9362 | -6/Proximity Caves | Discovered exit to Factory (range 7) 9380 | -6/Proximity Caves | Build established: Tank 9741 | -6/Proximity Caves | Entered Factory 9741 | -6/Factory | Evolved 2 slots: Utility x2 9743 | -6/Factory | Loaded intel: 52 interactive machine locations 10804 | -6/Factory | Discovered new exit (range 15) 10838 | -6/Factory | Identified exit to Lower Caves 10961 | -6/Factory | Entered Lower Caves 11010 | -6/Lower Caves | Attacked by a delusional Derelict stockpiling parts 11553 | -6/Lower Caves | Spotted B-75 Beast 11644 | -6/Lower Caves | Discovered new exit (range 8) 11659 | -6/Lower Caves | Identified exit to Lower Caves 11661 | -6/Lower Caves | Entered another Lower Caves area 11736 | -6/Lower Caves | Discovered new exit (range 10) 11753 | -6/Lower Caves | Identified exit to Factory 12237 | -6/Lower Caves | Discovered new exit (range 14) 12263 | -6/Lower Caves | Identified exit to Zion 12271 | -6/Lower Caves | Entered Zion 12484 | -6/Zion | Discovered new exit (range 9) 12513 | -6/Zion | Identified exit to Proximity Caves 12640 | -6/Zion | Build established: Mutant 12964 | -6/Zion | Gained Derelict followers 13176 | -6/Zion | Learned Factory emergency access door positions 13459 | -6/Zion | Learned location of Warlord (-4) 13490 | -6/Zion | Learned Factory terminal intel 13598 | -6/Zion | Learned location of Extension (-6) 14136 | -6/Zion | Given the Hacking Drone Bay 14326 | -6/Zion | Rebuked by Imprinter 14625 | -6/Zion | Discovered new exit (range 5) 14627 | -6/Zion | Saw the warning signs outside the Deep Caves entrance 14634 | -6/Zion | Identified exit to Deep Caves 14662 | -6/Zion | Entered Deep Caves 14662 | -6/Deep Caves | Accompanied by 6 allies 14844 | -6/Deep Caves | Attacked by Z-Imprinter 14854 | -6/Deep Caves | Allies destroyed Z-Imprinter 14897 | -6/Deep Caves | Found Prototype Protection 14897 | -6/Deep Caves | Identified Zio. Weapon Casing 15041 | -6/Deep Caves | Z-Facility disabled 15309 | -6/Deep Caves | Found Zio. Weapon Casing 15446 | -6/Deep Caves | Build established: Tank 15969 | -6/Deep Caves | Spotted as-99381 15982 | -6/Deep Caves | Destroyed as-99381 16118 | -6/Deep Caves | Triggered Deep Caves wall 16118 | -6/Deep Caves | Spotted AS-14197 16127 | -6/Deep Caves | Spotted AS-57089 16129 | -6/Deep Caves | Destroyed AS-57089 16137 | -6/Deep Caves | Exposed GOLEM chamber 16140 | -6/Deep Caves | Destroyed AS-14197 16172 | -6/Deep Caves | Destroyed 36 combat bots 16179 | -6/Deep Caves | Lost 3 parts (3u) 16182 | -6/Deep Caves | Found GOLEM Unit 16187 | -6/Deep Caves | Found GOLEM Unit 16198 | -6/Deep Caves | Found GOLEM Unit 16207 | -6/Deep Caves | Found GOLEM Unit 16212 | -6/Deep Caves | Found GOLEM Unit 16227 | -6/Deep Caves | Found GOLEM Unit 16366 | -6/Deep Caves | Discovered new exit (range 6) 16375 | -6/Deep Caves | Identified exit to Proximity Caves 16377 | -6/Deep Caves | Entered Proximity Caves 16477 | -5/Proximity Caves | Build established: Golem 16596 | -5/Proximity Caves | Learned Factory stockpile data 16837 | -5/Proximity Caves | Attracted the attention of an 0b10 checkpoint 16914 | -5/Proximity Caves | Learned Factory emergency access door positions 17481 | -5/Proximity Caves | Learned Factory terminal intel 17629 | -5/Proximity Caves | Lost 7 parts (1p1n4u1w) 18165 | -5/Proximity Caves | Discovered exit to Factory (range 15) 18294 | -5/Proximity Caves | Entered Factory 18294 | -5/Factory | Evolved 2 slots: Power x1, Utility x1 18297 | -5/Factory | Loaded intel: 26 terminal locations 19126 | -5/Factory | Incoming investigation squad redirected 19222 | -5/Factory | Fabricated O-24 Administrator (x1) 19314 | -5/Factory | Discovered new exit (range 21) 19678 | -5/Factory | Identified exit to Factory 19794 | -5/Factory | First assault squad dispatched 20071 | -5/Factory | Crushed by falling debris 20424 | -5/Factory | Incoming assault squad redirected 20690 | -5/Factory | Identified exit to Upper Caves 20802 | -5/Factory | Discovered exit to Factory (range 22) 20853 | -5/Factory | Crushed by falling debris 20969 | -5/Factory | Entered Upper Caves 21420 | -5/Upper Caves | Found Alien Artifact 21420 | -5/Upper Caves | Identified Dimensional Node Initializer 21420 | -5/Upper Caves | Initialized slip node 21617 | -5/Upper Caves | Encountered a Warlord checkpoint 21645 | -5/Upper Caves | Identified exit to Upper Caves 22039 | -5/Upper Caves | Entered another Upper Caves area 22099 | -5/Upper Caves | Discovered exit to Factory (range 7) 22156 | -5/Upper Caves | Learned location of Armory (-3) 22569 | -5/Upper Caves | Discovered new exit (range 12) 22606 | -5/Upper Caves | Entered Zhirov 22608 | -5/Zhirov | Discovered new exit (range 3) 22640 | -5/Zhirov | Met Zhirov 22673 | -5/Zhirov | Learned location of Quarantine (-2) 22673 | -5/Zhirov | Learned location of Testing (-3) 22673 | -5/Zhirov | Learned location of Command (-1) 22707 | -5/Zhirov | Zhirov requested help retrieving the SGEMP Prototype 22743 | -5/Zhirov | Found Alien Artifact 22781 | -5/Zhirov | Found Alien Artifact 22781 | -5/Zhirov | Identified Integrated Reactor 22781 | -5/Zhirov | Installed Integrated Reactor, increased core energy generation (+10) 23313 | -5/Zhirov | Entered Proximity Caves 23383 | -4/Proximity Caves | Attracted the attention of an 0b10 checkpoint 23709 | -4/Proximity Caves | Learned location of 1 exit from Research 23877 | -4/Proximity Caves | Lost 3 parts (3u) 23957 | -4/Proximity Caves | Learned Research trap positions 23990 | -4/Proximity Caves | Learned Research interactive machine intel 24468 | -4/Proximity Caves | Discovered exit to Factory (range 8) 24526 | -4/Proximity Caves | Entered Factory 24526 | -4/Factory | Evolved 2 slots: Utility x2 24528 | -4/Factory | Loaded intel: 25 terminal locations 24920 | -4/Factory | Repaired Lrg. Storage Unit 25105 | -4/Factory | Identified exit to Upper Caves 25332 | -4/Factory | Repaired Lgt. Antimatter Reactor 25346 | -4/Factory | Build established: Hacker-Golem 25461 | -4/Factory | Discovered new exit (range 5) 25606 | -4/Factory | Fabricated Imp. Powered Armor (x1) 26248 | -4/Factory | Entered Upper Caves 26470 | -4/Upper Caves | Build established: Golem 26810 | -4/Upper Caves | Encountered a Warlord checkpoint 26935 | -4/Upper Caves | Discovered new exit (range 5) 26982 | -4/Upper Caves | Entered another Upper Caves area 27452 | -4/Upper Caves | Discovered new exit (range 12) 27603 | -4/Upper Caves | Entered Warlord 27666 | -4/Warlord | System corruption cleaned by Quarantine Array 27834 | -4/Warlord | Met Warlord 27852 | -4/Warlord | Warlord's base attacked by MAIN.C 27872 | -4/Warlord | Opened Warlord's prototype stash 27884 | -4/Warlord | Found Prototype Reactor 27903 | -4/Warlord | Found Prototype Processor 28202 | -4/Warlord | Warlord forces counterattacked 28311 | -4/Warlord | Spotted Striker 28348 | -4/Warlord | Discovered new exit (range 14) 28354 | -4/Warlord | Spotted Striker 28354 | -4/Warlord | Spotted Executioner 28381 | -4/Warlord | Destroyed Striker 28447 | -4/Warlord | Destroyed Executioner 28527 | -4/Warlord | Warlord base infiltrated, sounded retreat 28853 | -4/Warlord | Spotted Executioner 28857 | -4/Warlord | Identified Transdimensional Reconstructor 28857 | -4/Warlord | Warped through subspace 28993 | -4/Warlord | Spotted Striker 28995 | -4/Warlord | Spotted Executioner 29006 | -4/Warlord | Core integrity fell below 50% 29009 | -4/Warlord | Released all parts (17) 29030 | -4/Warlord | Core integrity fell below 20% 29032 | -4/Warlord | Entered Proximity Caves 29063 | -3/Proximity Caves | Attracted the attention of an 0b10 checkpoint 29084 | -3/Proximity Caves | Destroyed by S-43 Plague with Heavy Machine Gun Last Messages --------------- 29034_ GOLEM Unit beginning Asb. Alloy Leg integration. 29038_ Acquired Imp. Deuterium Engine. 29044_ Slug penetrates Wall. 29048_ H-77 Assassin suffers critical hit (Burn). 29049_ Slug penetrates Wall. 29049_ Z4-NK5(i) destroyed. 29049_ Slug penetrates HU-0WK(l). 29049_ Slug penetrates 18-UIG(g). 29049_ Slug penetrates HU-0WK(l). 29049_ HU-0WK(l) destroyed. 29049_ 18-UIG(g) suffers critical hit (Destroy). 29052_ Slug penetrates 18-UIG(g). 29052_ 18-UIG(g) suffers critical hit (Destroy). 29052_ 18-UIG(g) destroyed. 29052_ Slug penetrates Wall. 29063_ Y-72 Warden: "INTERCEPTING UNREGISTERED DERELICT." 29063_ Slug penetrates Wall. 29079_ Penetrated by Slug. 29079_ Slug penetrates Wall. 29084_ Slammed into S-43 Plague. Map ----- +----------------------------------------------------+ | # ##?????????????????????????????????????????????? | | #?????????????????????????????????????????????? | | #?????????????????????????????????????????????? | | #?????????????????????????????????????????????? | | #######???????????????????????????????????????? | | ###?????????????????????????????????????? | | ###???????????????????????????????????? | | ##??????????????????????????????????? | | ##### ####???????????????????????????????? | | ##???# ##??????????????????????????????? | | ##????# ##?????????????????????????????? | | ###????# ### #?? ?????????????????????????? | | ###???# ##?# #?? ?????????????????????????? | | #???# ###??# #### ?????????????????????????? | | ##???###????## ### ??????????????????????????? | | ### ##?????## #?# ??????????????????????????? | | # #?????# #?# ??????????????????????????? | | # #????# #?# #?????????? ???????????????? | | #??# ##?# #????????? ???????????????? | | ### #??# #???????# ???????????????? | | ## ##??# #??##?? ????????????????? | | ##??# ### ## #????????????????? | | ##?# ## #????????????????? | | ## ### ????????????????? | | ### s##??????????????????????? | | #### s s@##?????????????????????? | | ???# #?????????????????????? | | ???# ### ##????????????????????? | | #### ?????# ##?## ;#????????????????????? | | #??#??????# #???# #????????????????????? | | ????????# #???# #????????????????????? | | ?????????# #???## #????????????????????? | | ????????????# ?????###????????????????????? | | ??????????? #????????????????????????????? | | ??????????# ##????????????????????????????? | | ??????????## ##?????????????????????????????? | | ???????????#### ???????????????????????????????? | | ??????????????####???????????????????????????????? | | ?????????????????????????????????????????????????? | | ?????????????????????????????????????????????????? | | ?????????????????????????????????????????????????? | | ?????????????????????????????????????????????????? | | ?????????????????????????????????????????????????? | | ?????????????????????????????????????????????????? | | ?????????????????????????????????????????????????? | | ?????????????????????????????????????????????????? | | ?????????????????????????????????????????????????? | | ?????????????????????????????????????????????????? | | ?????????????????????????????????????????????????? | | ?????????????????????????????????????????????????? | +----------------------------------------------------+ Best States ------------- Heat Dissipation 89 Coolant Potential 130 Energy Generation 55 Energy Capacity 2760 Matter Stores 300 Matter Capacity 500 Sight Range 22 Terrain Scan Range 16 Terrain Scan Density 10 Cloak Strength 5 Additional Mass Support 20 Armor Coverage 1225 Resistance: KI 30 Resistance: TH 15 Resistance: EX 15 Resistance: EM 15 Resistance: I 15 Resistance: S 15 Resistance: P 15 Weapon Shielding 100 Phase Shifting 8 Evasion (%) 50 Targeting Accuracy 8 Target Analysis 5 Core Analysis 8 Recoil Reduction 2 Particle Charging 30 Kinecelleration 30 Offensive Hacking 42 Defensive Hacking 10 Item Schematics ----------------- Adv. Treads | -8/Materials | Scanalyzed Lrg. Storage Unit | -8/Materials | Hacked Med. Reactive Plating | -7/Factory | Hacked Powered Armor | -7/Factory | Hacked Hvy. Flail | -7/Factory | Hacked Combat Drone Bay | -7/Data Miner | Free Lgt. Regenerative Plating | -7/Data Miner | Free Cld. Cesium-ion Thruster | -7/Data Miner | Free Gravity Neutralizer | -7/Data Miner | Free Imp. Heavy Machine Gun | -7/Data Miner | Free Arm. Medium Treads | -7/Data Miner | Free Mni. Drone Bay | -7/Data Miner | Free Imp. Remote Datajack | -7/Data Miner | Free Field Propulsion Drive | -7/Data Miner | Free Imp. Powered Armor | -7/Data Miner | Free HERF Cannon | -7/Data Miner | Free Beamcaster | -6/Zion | Archive Imp. Coolant Injector | -6/Zion | Archive Mak. Transmission Jammer | -6/Zion | Archive Matter Neutralizer | -6/Zion | Archive Point Defense System | -6/Zion | Archive Hvy. Flak Cannon | -6/Zion | Archive Antigrav System | -6/Zion | Archive Lgt. Angular Momentum Engine | -6/Zion | Archive Imp. Plasma Cutter | -6/Zion | Archive Remote Shield | -6/Zion | Archive Adv. Coolant Injector | -6/Zion | Archive Imp. Focal Shield | -6/Zion | Archive Adv. Melee Analysis Suite | -6/Zion | Archive Hvy. Machine Gun | -6/Zion | Archive Mak. Trap Scanner | -6/Zion | Archive Assault Drone Bay | -5/Zhirov | Free Exp. Heat Sink | -5/Zhirov | Free Exp. Optical Array | -5/Zhirov | Free Imp. Arc Thrower | -5/Zhirov | Free Robot Schematics ------------------ O-24 Administrator | -7/Data Miner | Free E-15 Imp | -7/Data Miner | Free S-27 Virus | -7/Data Miner | Free I-36 Angel | -7/Data Miner | Free L-41 Fighter | -7/Data Miner | Free R-10 Processor | -7/Data Miner | Free G-50 Soldier | -7/Data Miner | Free K-01 Serf | -6/Zion | Archive C-57 Dissector | -6/Zion | Archive Fabricated ------------ O-24 Administrator | x1 | -5/Factory Imp. Powered Armor | x1 | -4/Factory Alien Tech Used ----------------- Dimensional Node Initializer Integrated Reactor Transdimensional Reconstructor Achievements -------------- None Challenges ------------ None Game ------ Seed ReactionWeaponScrap Manual? 0 Play Time 02:27:02 Cumulative 97.9 hours Start 2023.04.15 @ 21:02:23 End 2023.04.18 @ 21:02:24 Sessions 7 Manual Loads 0 Difficulty Rogue Special Mode None Game No. 141 Rogue 141 Adventurer 0 Explorer 0 Win Type - Total 1 Types 1/0/0/0/0/0/0/0/0 Lore% 56 Gallery% 61 Achievement% 48 Wizard Run 0 Options --------- ASCII 0 Keyboard 0 Movement Numpad Keybinds 0 Fullscreen 1 Font 18/SmallcapsGlow Map View 76x50 Tactical HUD 1 Map Filters NONE Filters NONE Steam 1 RUN: 1fe776f5-7a15-427f-942c-1199577541de